 Dungeon Crawl Stone Soup version 0.21.1-1-g345015fe64 (webtiles) character file.

24 Mrkan the Sneak (level 2, 0/13 HPs)
             Began as a Spriggan Enchanter on May 6, 2018.
             Succumbed to an adder's poison
             ... on level 2 of the Dungeon.
             The game lasted 00:04:39 (1490 turns).

Mrkan the Sneak (Spriggan Enchanter)                Turns: 1490, Time: 00:04:39

Health: 0/13       AC:  2    Str:  4    XL:     2   Next: 79%
Magic:  7/7        EV: 19    Int: 16    God:
Gold:   87         SH:  0    Dex: 16    Spells: 4/7 levels left

rFire    . . .     SeeInvis +   e - +1 dagger (drain)
rCold    . . .     Gourm    .   (shield restricted)
rNeg     . . .     Faith    .   b - +0 robe
rPois    .         Spirit   .   (helmet restricted)
rElec    .         Reflect  .   (no cloak)
rCorr    .         Harm     .   (gloves unavailable)
MR       .....                  (boots unavailable)
Stlth    +++.......             (no amulet)
HPRegen  0.04/turn              (no ring)
MPRegen  0.10/turn              (no ring)

@: lethally poisoned (0 -> -7), very quick
A: very small, unfitting armour, see invisible, herbivore, speed 3, slow
metabolism 2
a: no special abilities


You were on level 2 of the Dungeon.
You were not hungry.

You visited 1 branch of the dungeon, and saw 2 of its levels.

You collected 87 gold pieces.

Inventory:

Hand Weapons
 a - a +1 dagger
 e - a +1 dagger of draining (weapon)
Armour
 b - a +0 robe (worn)
Jewellery
 f - a +4 ring of dexterity {unknown}
 i - an uncursed ring of poison resistance {unknown}
 j - an uncursed ring of stealth {unknown}
Scrolls
 g - a scroll of noise {unknown}
 k - a scroll of teleportation {unknown}
Potions
 h - a potion of resistance {unknown}
 l - 2 potions of curing {unknown}
Books
 c - a book of Maledictions

   Spells                             Type                      Level
   a - Corona                         Hexes                        1
   b - Ensorcelled Hibernation        Hexes/Ice                    2
   c - Confuse                        Hexes                        3
   d - Tukima's Dance                 Hexes                        3
   e - Dazzling Spray                 Conjuration/Hexes            3
Comestibles
 d - 3 rations


   Skills:
 - Level 1.1 Short Blades
 + Level 3.4 Dodging
 + Level 4.8 Stealth
 + Level 3.0 Spellcasting
 * Level 4.2 Hexes


You had 4 spell levels left.
You knew the following spells:

 Your Spells              Type           Power        Failure   Level  Hunger
a - Corona                Hex            ###....      3%          1    #......
b - Ensorcelled Hibernat  Hex/Ice        #.....       12%         2    ##.....


Dungeon Overview and Level Annotations

Branches:
Dungeon (2/15)

Altars:
Ru


Innate Abilities, Weirdness & Mutations

You are very small and have problems with some larger weapons.
You are too small for most types of armour.
You have supernaturally acute eyesight. (SInv)
You are a herbivore.
You cover ground extremely quickly.
You need consume almost no food.


Message History

You now have 87 gold pieces (gained 4).
Found a stone staircase leading down. 2 adders, a jackal, a worm and a goblin come into view.
Found a stone staircase leading down.
A jackal comes into view.
The adder hisses angrily. x2
You hit the adder.
The adder is lightly wounded.
You barely miss the adder.
The adder is lightly wounded.
The adder bites you.
You are poisoned.
The adder poisons you!
You hit the adder.
The adder is moderately wounded.
You feel sick. The adder misses you. The adder bites you.
The adder completely misses you. The adder bites you.
* * * LOW HITPOINT WARNING * * *
You die...

#.....#..#..######.###....#####
........##.....................
......>.##..#...#####..#.<.####
........##....### #.##.#....#
.h......###.....# #.##.####..
........###..##.# #.##..# ###
h............S#.#####.###.# #
...>g..w#####S.).##...# #.#
........# ##@#....### #.#
........# #.###...####.###
........# #.##..#...##...#
....wg..# #.##.####.####.#
........# #.##.# #.## #.#
.......## ####....# #..###.#
#......## ##..##.# ##.####..#
##.##.### ##..# ##.# #....>.#


You could see 2 adders.

Vanquished Creatures
  A worm (D:2)
  2 leopard geckos
  6 goblins
  2 hobgoblins
  A bat (D:2)
  2 frilled lizards
  2 kobolds (D:2)
  3 rats
19 creatures vanquished.

Notes
Turn   | Place    | Note
-------+----------+-------------------------------------------
     0 | D:1      | Mrkan the Spriggan Enchanter began the quest for the Orb.
     0 | D:1      | Reached XP level 1. HP: 9/9 MP: 5/5
   599 | D:1      | Reached XP level 2. HP: 8/13 MP: 6/6
   862 | D:1      | Learned a level 2 spell: Ensorcelled Hibernation
   986 | D:2      | Found a sacrificial altar of Ru.
  1490 | D:2      | Succumbed to an adder's poison

Skill      XL: |  1  2 |
---------------+-------+-----
Hexes          | 4 |  4.2
Spellcasting   | 3 |  3.0
Short Blades   | |  1.1
Dodging        | |  3.4
Stealth        | |  4.8

Action                   || total
-------------------------++-------
Melee: Dagger            ||    61
 Stab: Sleeping          ||     3
Armor: Robe              ||     1
Dodge: Dodged            ||    42
